Map: Lightshade LE

Players

Nice

  • Race: Protoss Protoss
  • League: Master

Has - Winner!

  • Race: Protoss Protoss

Event: DreamHack SC2 Masters 2021 Summer

VOD

Have the link to the VOD?

Description

Time

  • Played on: May 23, 2021, 8:38 a.m.
  • Length: 10:21

All games in this series

Show
View Real Time Build Order
Export as new Build Order

Nice Protoss 

Build Orders: 1 Gate Expand, Oracle Opening, Archon Immortal 

Get SALT Encoding   

  12  0:00  Probe  
  13  0:12  Probe  
  14  0:20  Pylon  
  14  0:24  Probe  
  15  0:38  Probe (Chrono Boost), Gateway  
  16  0:48  Assimilator  
  16  0:49  Probe (Chrono Boost)  
  17  0:54  Probe (Chrono Boost)  
  18  1:04  Probe  
  19  1:16  Probe  
  20  1:24  Nexus  
  20  1:35  Cybernetics Core  
  20  1:40  Probe  
  20  1:41  Assimilator  
  21  1:47  Pylon  
  21  1:52  Probe  
  22  2:04  Probe  
  23  2:09  Adept (Chrono Boost)  
  23  2:12  Warp Gate  
  25  2:16  Probe  
  26  2:28  Probe  
  26  2:29  Stalker (Chrono Boost)  
  29  2:37  Shield Battery  
  29  2:40  Stargate  
  29  2:41  Probe  
  29  2:43  Probe  
  31  2:51  Stalker (Chrono Boost)  
  32  3:01  Shield Battery  
  32  3:02  Probe  
  32  3:04  Probe  
  34  3:14  Probe  
  34  3:18  Probe  
  36  3:21  Stalker  
  36  3:22  Oracle (Chrono Boost)  
  36  3:26  Probe  
  42  3:30  Probe  
  43  3:36  Pylon  
  43  3:38  Probe  
  42  3:53  Probe  
  44  3:55  Probe  
  45  4:03  Void Ray (Chrono Boost)  
  45  4:05  Probe  
  45  4:07  Shield Battery, Stalker  
  45  4:08  Probe  
  52  4:25  Gateway  
  52  4:28  Shield Battery  
  52  4:29  Pylon  
  52  4:30  Stalker  
  52  4:34  Void Ray (Chrono Boost)  
  50  4:42  Pylon  
  54  4:47  Probe x2  
  54  4:48  Gateway  
  54  4:51  Pylon  
  56  4:56  Assimilator  
  56  4:58  Assimilator, Stalker  
  56  4:59  Probe x2  
  60  5:06  Shield Battery  
  60  5:08  Pylon  
  60  5:12  Probe, Robotics Facility  
  60  5:14  Probe  
  61  5:24  Stalker  
  61  5:25  Probe, Zealot  
  47  5:46  Zealot  
  47  5:48  Probe x2  
  51  5:50  Void Ray (Chrono Boost)  
  51  5:52  Zealot  
  51  5:53  Pylon  
  57  6:01  Probe x2, Pylon  
  59  6:06  Stalker  
  61  6:18  Robotics Facility  
  61  6:19  Stalker  
  61  6:22  Probe x2  
  65  6:29  Void Ray (Chrono Boost)  
  67  6:50  Probe x2, Gateway  
  67  6:52  Twilight Council  
  69  7:02  Void Ray (Chrono Boost), Sentry  
  75  7:14  Zealot x2  
  79  7:17  Observer (Chrono Boost)  
  79  7:18  Gateway  
  79  7:20  Probe  
  79  7:21  Probe  
  79  7:22  Pylon  
  82  7:28  Charge  
  82  7:34  Immortal (Chrono Boost)  
  86  7:49  Gateway  
  86  7:52  Gateway  
  86  7:54  Gateway  
  86  7:56  Templar Archives  
  86  8:05  Immortal (Chrono Boost)  
  87  8:17  Forge  
  85  8:20  Pylon  
  85  8:21  Observer  
  83  8:34  Immortal (Chrono Boost)  
  83  8:35  Pylon  
  83  8:38  Nexus  
  83  8:39  Probe  
  83  8:40  Probe  
  89  8:45  High Templar x2  
  93  8:51  Probe, Archon  
  93  8:52  Zealot x2  
  80  9:02  Probe, Shield Battery  
  75  9:11  Immortal (Chrono Boost)  
  79  9:18  Nexus  
  75  9:27  High Templar x2, Zealot x2  
  75  9:28  Probe  
  75  9:29  Probe  
  85  9:31  Archon  
  85  9:40  Probe  
  85  9:41  Probe  
  85  9:44  Immortal (Chrono Boost)  
  87  9:50  Zealot  
  90  9:52  Probe  
  90  9:54  Zealot  
  90  9:59  Zealot x2  
  86  10:02  Probe  
Show
View Real Time Build Order
Export as new Build Order

Has Protoss - Winner!

Build Orders: Blink Stalkers 

Get SALT Encoding   

  12  0:00  Probe  
  13  0:12  Probe  
  14  0:17  Pylon  
  14  0:24  Probe (Chrono Boost)  
  16  0:36  Probe (Chrono Boost), Gateway  
  16  0:41  Probe  
  16  0:46  Assimilator  
  17  0:53  Probe  
  17  0:54  Assimilator  
  18  1:03  Gateway  
  18  1:06  Probe (Chrono Boost)  
  19  1:15  Probe (Chrono Boost)  
  20  1:20  Probe (Chrono Boost)  
  20  1:23  Cybernetics Core  
  21  1:32  Probe  
  22  1:37  Pylon  
  22  1:44  Probe  
  23  1:56  Probe  
  23  1:59  Stalker  
  23  2:00  Warp Gate  
  28  2:05  Pylon  
  28  2:08  Probe  
  28  2:23  Twilight Council  
  29  2:31  Stalker  
  29  2:46  Nexus  
  29  2:50  Sentry  
  31  2:57  Pylon  
  31  3:02  Shield Battery  
  31  3:05  Blink (Chrono Boost)  
  31  3:18  Gateway  
  31  3:21  Probe  
  32  3:28  Shield Battery  
  32  3:33  Probe  
  33  3:45  Probe  
  32  3:48  Stalker  
  32  3:49  Stalker  
  36  3:58  Probe  
  37  4:05  Pylon  
  37  4:11  Stalker x2  
  37  4:17  Stalker  
  42  4:23  Probe  
  39  4:36  Stalker x3  
  45  4:42  Probe, Phoenix  
  46  4:49  Pylon  
  46  4:55  Stalker x2  
  50  5:01  Stalker  
  50  5:04  Probe  
  50  5:06  Probe  
  54  5:16  Probe  
  55  5:22  Stalker x2  
  59  5:31  Probe  
  59  5:35  Probe  
  53  5:45  Stalker  
  53  5:49  Stalker  
  55  5:50  Probe  
  55  5:55  Stalker  
  58  5:58  Probe  
  58  6:02  Probe  
  61  6:13  Stalker  
  61  6:14  Stalker  
  61  6:16  Pylon  
  64  6:19  Probe  
  64  6:20  Probe  
  66  6:31  Probe  
  67  6:35  Stalker  
  67  6:38  Stalker x2  
  67  6:39  Probe  
  74  6:43  Probe  
  75  6:49  Pylon  
  75  6:50  Forge  
  75  6:51  Probe  
  75  6:53  Assimilator  
  76  6:56  Probe  
  77  7:04  Robotics Facility  
  77  7:05  Phoenix  
  77  7:14  Probe  
  78  7:17  Protoss Ground Weapons Level 1 (Chrono Boost)  
  78  7:23  Gateway  
  78  7:24  Gateway  
  78  7:27  Nexus  
  78  7:28  Pylon  
  78  7:37  Stalker x2  
  78  7:38  Probe  
  83  7:45  Stalker  
  83  7:47  Probe  
  86  7:54  Observer (Chrono Boost)  
  87  8:01  Gateway  
  87  8:03  Gateway  
  87  8:08  Stalker x3  
  87  8:10  Probe  
  94  8:18  Pylon  
  94  8:20  Pylon  
  94  8:26  Probe  
  93  8:28  Probe  
  93  8:32  Observer (Chrono Boost)  
  93  8:35  Photon Cannon  
  93  8:38  Probe  
  94  8:42  Probe  
  94  8:43  Probe  
  96  8:50  Probe  
  96  8:54  Probe  
  96  8:55  Probe  
  83  9:00  Stalker x4  
  83  9:02  Probe, Stalker  
  90  9:06  Probe, Stalker  
  90  9:08  Probe  
  91  9:18  Probe  
  92  9:27  Stalker x4  
  92  9:28  Stalker  
  99  9:31  Pylon  
  99  9:36  Assimilator  
  99  9:40  Assimilator  
  99  9:41  Stalker  
  101  9:52  Gateway  
  101  9:56  Probe  
  98  10:05  Stalker x6  
Tags
 
Add a new tag
Caveats
  • Supply blocks, unpowered buildings, or Contaminate may cause inaccurate times.
  • Supply counts are checked every 10 seconds.